 Dungeon Crawl Stone Soup version 0.29.0-5-ge4962eb29e (webtiles) character file.

Game seed: 17172473774258756520

47 unlimited1921 the Magician (level 3, -4/25 HPs)
             Began as a Djinni Fire Elementalist on Aug 30, 2022.
             Killed from afar by an orc wizard (6 damage)
             ... with a magic dart
             ... on level 2 of the Dungeon.
             The game lasted 00:08:05 (2863 turns).

unlimited1921 the Magician (DjFE)                   Turns: 2863, Time: 00:08:05

Health: -4/25      AC:  3    Str:  7    XL:     3   Next: 97%
Gold:   86         EV: 12    Int: 18    God:
                   SH:  0    Dex: 13

rFire   + + .      SeeInvis .   l - +0 rapier
rCold   x . .      Faith    +   (no shield)
rNeg    + . .      Spirit   .   a - +0 robe
rPois   ∞          Reflect  .   (no helmet)
rElec   .          Harm     .   e - +0 cloak
rCorr   .          Rampage  .   (no gloves)
Will    .....                   (boots unavailable)
Stlth   ++........              d - amulet of faith
HPRegen 0.08/turn               g - ring of positive energy
MPRegen 0.00/turn               (no ring)

@: flying
A: sickness immunity, fire resistance 2, cold vulnerability 1, float, innate
caster, HP casting, extra vitality 1
a: no special abilities


You were on level 2 of the Dungeon.
You visited 1 branch of the dungeon, and saw 2 of its levels.

You collected 86 gold pieces.

Inventory:

Hand Weapons
 l - a +0 rapier (weapon)
 m - a +2 dagger of draining
Missiles
 k - 14 stones
Armour
 a - a +0 robe (worn)
 e - a +0 cloak (worn)
Jewellery
 d - an amulet of faith (around neck)
 g - a ring of positive energy (left hand)
 r - a ring of ice
Scrolls
 c - 2 scrolls of identify {unknown}
 f - 3 scrolls of teleportation {unknown}
 h - a scroll of amnesia {unknown}
 i - a scroll of magic mapping {unknown}
 p - a scroll of vulnerability {unknown}
Potions
 n - a potion of lignification {unknown}
 o - a potion of heal wounds {unknown}
 q - a potion of invisibility {unknown}
 s - a potion of flight {unknown}


   Skills:
 + Level 2.5 Dodging
 + Level 1.6 Stealth
 + Level 3.4 Spellcasting


You couldn't memorise any spells.
You knew the following spells:

 Your Spells              Type           Power      Damage    Failure   Level
a - Foxfire               Conj/Fire      60%        2x1d7     3%          1
b - Scorch                Fire           30%        2d6       6%          2
c - Conjure Flame         Conj/Fire      15%        6-21      12%         3
d - Inner Flame           Hex/Fire       15%        N/A       12%         3
e - Flame Wave            Conj/Fire      15%        2d7       36%         4
f - Necrotise             Necr           60%        1d7       3%          1
Your spell library was empty.

Dungeon Overview and Level Annotations

Branches:
Dungeon (2/15)

Altars:


Innate Abilities, Weirdness & Mutations

You are immune to sickness and miasma.
You are immune to poison.
Your flesh is very heat resistant. (rF++)
You are vulnerable to cold. (rC-)
You float through the air rather than walking.
You learn spells naturally, not from books.
Your magical power is your life essence.
You have superior vitality. (+4 MHP)


Message History

* * * LOW HITPOINT WARNING * * *
You're too confused to cast spells.
Autopickup is now on.
You're too confused to cast spells.
Unknown command.
You're too confused to cast spells.
Autopickup is now off.
You're too confused to cast spells.
You are too injured to fight recklessly!
You feel better.
You hear some strange, mumbled words.
You are confused.
You're too confused to move!
Something hits you but does no damage.
It was a potion of cancellation.
Your magical effects are unravelling.
You feel magically purged.
You feel less confused. Something hits you.
Casting: Necrotise (safe; 3% risk of failure)
Confirm with . or Enter, or press ? or * to list all spells.
You conjure some foxfire!
Something hits you.
* * * LOW HITPOINT WARNING * * *
Your foxfire dissipates!
The foxfire hits something.
Casting: Foxfire (safe; 3% risk of failure)
Confirm with . or Enter, or press ? or * to list all spells.
You conjure some foxfire!
* * * LOW HITPOINT WARNING * * *
Something hits you but does no damage.
Casting: Foxfire (safe; 3% risk of failure)
Confirm with . or Enter, or press ? or * to list all spells.
You conjure some foxfire!
* * * LOW HITPOINT WARNING * * *
Something hits you.
* * * LOW HITPOINT WARNING * * *
Your foxfire dissipates!
The foxfire hits something. x2
A magic dart appears from out of thin air!
The magic dart hits you.
You die...

♣♣~♣♣ ♣♣.♣ #..#
#.## ##.####.###
#..........
#.#####.### #.#
#@#
#####.#########
#...§.{.......###
#.#######.))~....
###~~~~~.P.##
#.~~Z♣~♣~~.#
#..~~♣♣♣~..#
#...~♣♣ ~~~#
#..#.~ ~..


There were no monsters in sight!

Vanquished Creatures
  A gnoll (D:1)
  A worm (D:2)
  A dart slug (D:1)
  An orc (D:2)
  5 ball pythons
  2 bats
  4 endoplasms (D:1)
  3 goblins
  A hobgoblin (D:2)
  2 kobolds
  4 frilled lizards (D:1)
  6 rats
31 creatures vanquished.

Vanquished Creatures (collateral kills)
  An orc (D:2)
1 creature vanquished.

Vanquished Creatures (others)
  58 foxfires
  54 plants (D:2)
112 creatures vanquished.

Grand Total: 144 creatures vanquished

Notes
Turn   | Place    | Note
-------+----------+-------------------------------------------
     0 | D:1      | unlimited1921 the Djinni Fire Elementalist began the quest
                  | for the Orb.
     0 | D:1      | unlimited1921 set off with the following spells memorised:
                  | Foxfire, Scorch, Conjure Flame, Inner Flame, Flame Wave.
     0 | D:1      | Reached XP level 1. HP: 15/15 MP: 0/0
   455 | D:1      | Reached XP level 2. HP: 20/21 MP: 0/0
  1337 | D:1      | Reached skill level 3 in Spellcasting
  1337 | D:1      | Reached XP level 3. HP: 12/25 MP: 0/0
  1337 | D:1      | Learned a level 1 spell: Necrotise
  2863 | D:2      | Killed from afar by an orc wizard

Illustrated notes

Levels and vault maps discovered:
D:1:      dpeg_arrival_ternary, layout_rooms, chequers_serial_rivers_room_a
D:2:      layout_loops_ring, serial_shops, shop, serial_bayou,
          serial_bayou_pond_a, serial_bayou_lagoon_a, serial_bayou_pond_c,
          serial_bayou_crossing, serial_bayou_pond_c, basic_altar,
          basic_ecumenical_altar

Skill      XL: |  1  2 |
---------------+-------+-----
Spellcasting   | 3 |  3.4
Dodging        | |  2.5
Stealth        | |  1.6

Action                   || total
-------------------------++-------
Melee: Rapier            ||    13
 Cast: Foxfire           ||    41
       Necrotise         ||    23
       Scorch            ||     6
  Use: Potion            ||     3
Armor: Robe              ||     6
Dodge: Dodged            ||     7
